 Dungeon Crawl Stone Soup version 0.30-a0-250-g41c1d76940 (webtiles) character file.

Game seed: 1923814014874714272

210 ytrimaz the Ducker (level 6, -6/47 HPs)
             Began as a Djinni Gladiator on Oct 12, 2022.
             Splashed by a jelly's acid (9 damage)
             ... on level 3 of the Dungeon.
             The game lasted 00:02:10 (1853 turns).

ytrimaz the Ducker (Djinni Gladiator)               Turns: 1853, Time: 00:02:11

Health: -6/47      AC: -8    Str: 13    XL:     6   Next: 12%
Gold:   125        EV: 13    Int: 12    God:
                   SH:  0    Dex: 14

rFire   + + .      SeeInvis .    a - +0 quarterstaff
rCold   x . .      Faith    .    (shield currently unavailable)
rNeg    . . .      Spirit   .    b - +0 leather armour
rPois   ∞          Reflect  .    c - +0 helmet
rElec   .          Harm     .    (no cloak)
rCorr   .          Rampage  .    (no gloves)
Will    .....                    (boots unavailable)
Stlth   +.........               (no amulet)
HPRegen 0.27/turn                (no ring)
MPRegen 0.00/turn                (no ring)

@: corroded, flying
A: sickness immunity, fire resistance 2, cold vulnerability 1, float, innate
caster, HP casting, extra vitality 1
a: no special abilities


You were on level 3 of the Dungeon.
You visited 1 branch of the dungeon, and saw 3 of its levels.

You collected 125 gold pieces.


Innate Abilities, Weirdness & Mutations

You are immune to sickness and miasma.
You are immune to poison.
Your flesh is very heat resistant. (rF++)
You are vulnerable to cold. (rC-)
You float through the air rather than walking.
You learn spells naturally, not from books.
Your magical power is your life essence.
You have superior vitality. (+4 MHP)


   Skills:
 + Level 3.7 Fighting
 + Level 3.9 Staves
 - Level 1.5 Throwing
 + Level 4.8 Dodging


You had 2 spell levels left.
You knew the following spells:

 Your Spells              Type           Power      Damage    Failure   Level
a - Apportation           Tloc           0%         N/A       38%         1
b - Momentum Strike       Conj/Tloc      0%         3d8       54%         2
Your spell library was empty.

Inventory:

Hand Weapons
 a - a +0 quarterstaff (weapon)
Missiles
 d - 3 throwing nets (quivered)
 e - a javelin
Armour
 b - a +0 leather armour (worn)
 c - a +0 helmet (worn)
Scrolls
 f - 2 scrolls of immolation
 h - a scroll of blinking
Potions
 g - a potion of haste
 j - a potion of heal wounds
 l - a potion of brilliance {unknown}
 m - a potion of ambrosia {unknown}
 n - a potion of curing {unknown}

Dungeon Overview and Level Annotations

Branches:
Dungeon (3/15) Zot: 16120

Altars:
Cheibriados
Elyvilon
Makhleb

#.#............#.
#.#............#
#.#.###.....###.
## ....# #.....#
.## #.### #.....##
..# #.#######...#.
..#
#......###..#.##
..# ######.#
#..#..##S.#
#..##.#@..#
#.....J...#
.................+
...###.........###
. #####.#.###
#.### #.# #.# #.#


You could see a jelly and an adder.


Message History

You kill the iron imp!
You have reached level 6! 😨 HP[+3]
You now have 47 max hp (+7).
You regained 3 hp, and now have 18/47 hp.
Things that are here:
a +0 dagger; an orc corpse Key pressed, stopping explore.
Unknown command. 😮 HP[+14]
You regained 14 hp, and now have 32/47 hp.
i - a scroll labelled LYNING LOUTOU 😎 HP[+15]
Your hp is fully restored (47).
Key pressed, stopping explore.
Unknown command.
A ball python comes into view.
Unknown command.
A ball python is nearby!
A ball python is nearby!
You hit the ball python.
You kill the ball python!
No target in view!
Unknown command.
You see here a ball python corpse.
No target in view!
You now have 125 gold pieces (gained 12).
Key pressed, stopping explore.
Unknown command.
An adder comes into view.
An adder is nearby!
Unknown command.
An adder is nearby!
An adder is nearby!
An adder is nearby!
The air fills with toxic fumes!
As you read the scroll labelled LYNING LOUTOU, it crumbles to dust.
It was a scroll of poison.
The adder hisses angrily.
Unknown command.
Unknown command.
The adder barely misses you. x2
You barely miss the adder. The adder closely misses you.
Unknown command.
You hit the adder but do no damage. The adder bites you but does no damage.
A jelly comes into view.
The adder bites you. 😕 HP[-2]
You take 2 damage, and now have 45/47 hp.
You barely miss the adder. The adder closely misses you.
You barely miss the adder. The adder bites you.
Unknown command. 😕 HP[-1]
You take 1 damage, and now have 44/47 hp.
The jelly quivers.
You hit the adder but do no damage. The adder closely misses you.
The adder misses you. 😕 HP[+1]
You closely miss the adder. The adder completely misses you.
You miss the adder. The adder barely misses you. The adder bites you. 😕 HP[-2]
You take 2 damage, and now have 43/47 hp.
Unknown command.
You hit the adder. The adder misses you.
The jelly completely misses you. 😕 HP[+1]
You closely miss the adder. The adder bites you. The jelly hits you.
You are splashed with acid!
The adder completely misses you. 😮 HP[-10]
You take 10 damage, and now have 34/47 hp.
MASSIVE DAMAGE!! (PAUSE)
You completely miss the adder. The jelly hits you but does no damage.
The adder bites you. 😮 HP[-2]
You take 2 damage, and now have 32/47 hp.
You are too injured to fight recklessly!
You hit the jelly. The acid corrodes you!
Your hands burn!
The adder misses you. The jelly hits you. The acid corrodes you!
You are splashed with acid!
* * * LOW HITPOINT WARNING * * *
😨 HP[-11]
You take 11 damage, and now have 21/47 hp.
MASSIVE DAMAGE!! (PAUSE)
You hit the jelly but do no damage.
Your hands burn!
* * * LOW HITPOINT WARNING * * *
The adder misses you. The jelly hits you.
* * * LOW HITPOINT WARNING * * *
You are splashed with acid.
* * * LOW HITPOINT WARNING * * *
The adder barely misses you. 😱 HP[-10]
You take 10 damage, and now have 11/47 hp.
MASSIVE DAMAGE!! (PAUSE) Unknown command.
You sock the jelly! The acid corrodes you!
Your hands burn!
* * * LOW HITPOINT WARNING * * *
The jelly completely misses you. The adder barely misses you.
The jelly hits you.
* * * LOW HITPOINT WARNING * * *
You are splashed with acid!
You die...

Skill      XL: |  1  2  3  4 |
---------------+-------------+-----
Staves         | 3 |  3.9
Dodging        | 4 |  4.8
Fighting       | 3 |  3.7
Throwing       | |  1.5

Action                   |  1- 3 |  4- 6 || total
-------------------------+-------+-------++-------
Melee: Quarterstaff      |   114 |    73 ||   187
  Use: Scroll            |     6 |     3 ||     9
Armor: Leather armour    |    54 |     7 ||    61
Dodge: Dodged            |   126 |    51 ||   177

Levels and vault maps discovered:
D:1:      dpeg_arrival_tiny_e, layout_rooms, shapermc_ecumenical_altar_ellora,
          minivault_11
D:2:      layout_basic
D:3:      layout_loops_corners, slow_altar_1, mainiacjoe_overflow_alcove_1,
          jmf_multi_god_temple2, serial_glass, glass_columns_a, glass_columns_b

Notes
Turn   | Place    | Note
-------+----------+-------------------------------------------
     0 | D:1      | ytrimaz the Djinni Gladiator began the quest for the Orb.
     0 | D:1      | Reached XP level 1. HP: 18/18 MP: 0/0
     0 | D:1      | magus.rc [v1.9.6]
    75 | D:1      | Reached XP level 2. HP: 23/23 MP: 0/0
   237 | D:1      | Reached skill level 3 in Staves
   239 | D:1      | Reached XP level 3. HP: 14/29 MP: 0/0
   239 | D:1      | Learned a level 1 spell: Apportation
   451 | D:1      | Found a faded altar of an unknown god.
   959 | D:2      | Reached skill level 4 in Dodging
   959 | D:2      | Reached XP level 4. HP: 28/34 MP: 0/0
  1354 | D:3      | Reached skill level 3 in Fighting
  1420 | D:3      | Reached XP level 5. HP: 30/40 MP: 0/0
  1420 | D:3      | Learned a level 2 spell: Momentum Strike
  1512 | D:3      | Found a large runed translucent door.
  1513 | D:3      | Found a large runed translucent door.
  1534 | D:3      | Found a burning altar of Makhleb.
  1595 | D:3      | Found a white marble altar of Elyvilon.
  1663 | D:3      | Found a snail-covered altar of Cheibriados.
  1681 | D:3      | Reached XP level 6. HP: 18/47 MP: 0/0
  1852 | D:3      | HP: 11/47 [acid (6)]
  1853 | D:3      | HP: 3/47 [jelly (3)]
  1853 | D:3      | Splashed by a jelly's acid

Vanquished Creatures
  An iron imp (D:3)
  3 orc priests (D:3)
  An orc wizard (D:3)
  An adder (D:2)
  A worm (D:2)
  3 dart slugs (D:1)
  2 orcs (D:3)
  8 ball pythons
  2 endoplasms (D:2)
  A giant cockroach (D:1)
  4 goblins
  2 hobgoblins
  4 jackals (D:2)
  5 quokkas
  5 bats
  A frilled lizard (D:1)
  7 kobolds
  5 rats
56 creatures vanquished.

Vanquished Creatures (others)
  A fungus (D:1)
1 creature vanquished.

Grand Total: 57 creatures vanquished

Table legend:
 A = Non-vault XP
 B = Vault XP
 C = Vault XP percentage of total XP
 D = Non-vault monster count
 E = Vault monster count
 F = Vault count percentage of total count
                 A         B        C        D         E       F
            +---------+---------+-------+---------+---------+-------
      Total |     257 |      44 |  14.6 |      53 |       3 |   5.4
            +---------+---------+-------+---------+---------+-------
        D:1 |      39 |       0 |   0.0 |      22 |       0 |   0.0
        D:2 |      48 |       0 |   0.0 |      20 |       0 |   0.0
        D:3 |     170 |      44 |  20.6 |      11 |       3 |  21.4
            +---------+---------+-------+---------+---------+-------

Illustrated notes

Table legend:
 A = Kills in this place as a percentage of kills in entire the game.
 B = Kills by you in this place as a percentage of kills by you in the entire game.
 C = Kills by friends in this place as a percentage of kills by friends in the entire game.
 D = Other kills in this place as a percentage of other kills in the entire game.
 E = Experience gained in this place as a percentage of experience gained in the entire game.
 F = Experience gained in this place divided by the number of levels of this place that you have seen.
                   A       B       C       D       E      F
               +-------+-------+-------+-------+-------+----------------------
         Total | 100.0 | 100.0 |   N/A |   N/A | 100.0 | 100.3
       Dungeon | 100.0 | 100.0 |   N/A |   N/A | 100.0 | 100.3
               +-------+-------+-------+-------+-------+----------------------

Table legend: (Time is in decaauts)
 A = Elapsed time spent in this place.
 B = Non-inter-level travel time spent in this place.
 C = Inter-level travel time spent in this place.
 D = Time resting spent in this place.
 E = Time spent auto-exploring this place.
 F = Levels seen in this place.
 G = Mean time per level.
                   A        B        C        D        E       F      G
               +--------+--------+--------+--------+--------+-----+--------+
         Total |   1878 |   1827 |     51 |     25 |   1362 |   3 |  626.0 |
       Dungeon |   1878 |   1827 |     51 |     25 |   1362 |   3 |  626.0 |
               +--------+--------+--------+--------+--------+-----+--------+

Top non-repeatable levels by time:
     D:2: 672 daAuts
     D:1: 663 daAuts
     D:3: 541 daAuts
